 Dungeon Crawl Stone Soup version 0.27.0-1-g7a089689b8 (webtiles) character file.

Game seed: 6207192541562328434

23 Thatpatchoflichen the Cutter (level 3, 0/24 HPs)
             Began as a Kobold Monk on Aug 7, 2021.
             Slain by an adder (1 damage)
             ... on level 1 of the Dungeon.
             The game lasted 00:02:20 (1653 turns).

Thatpatchoflichen the Cutter (Kobold Monk)          Turns: 1653, Time: 00:02:20

Health: 0/24       AC:  2    Str: 14    XL:     3   Next: 10%
Magic:  3/3        EV: 16    Int: 11    God:
Gold:   36         SH:  0    Dex: 18    Spells: 2/2 levels left

rFire    . . .     SeeInvis .   a - +0 short sword
rCold    . . .     Faith    .   (shield restricted)
rNeg     . . .     Spirit   .   b - +0 robe
rPois    .         Reflect  .   (no helmet)
rElec    .         Harm     .   (no cloak)
rCorr    .         Rampage  .   (no gloves)
Will     .....                  (no boots)
Stlth    +++.......             (no amulet)
HPRegen  0.08/turn              f - +6 ring of strength
MPRegen  0.08/turn              (no ring)

@: no status effects
A: small, no large weapons, nightstalker 3
a: no special abilities


You were on level 1 of the Dungeon.
You visited 1 branch of the dungeon, and saw 2 of its levels.

You collected 36 gold pieces.

Inventory:

Hand Weapons
 a - a +0 short sword (weapon)
Armour
 b - a +0 robe (worn)
Jewellery
 f - a +6 ring of strength (left hand)
Scrolls
 c - a scroll of enchant weapon {unknown}
 e - 2 scrolls of teleportation {unknown}
Potions
 d - a potion of might {unknown}
 g - a potion of attraction {unknown}


   Skills:
 * Level 3.8 Fighting
 + Level 4.3 Short Blades
 + Level 3.9 Dodging
 - Level 3.0 Stealth


You had 2 spell levels left.
You didn't know any spells.
Your spell library contained the following spells:

 Spells                   Type           Power      Damage    Failure   Level
 Slow                     Hex            0%         N/A       47%         2
 Confusing Touch          Hex            0%         N/A       71%         3
 Yara's Violent Unravell  Hex/Tmut       0%         3d3       100%        5


Dungeon Overview and Level Annotations

Branches:
Dungeon (2/15)

Altars:


Innate Abilities, Weirdness & Mutations

You are small and have problems with some larger weapons.
You are completely attuned to the shadows.


Message History

The adder completely misses you.
The hobgoblin hits you but does no damage.
You miss the adder.
The adder is heavily wounded.
The adder bites you.
* * * LOW HITPOINT WARNING * * *
The hobgoblin completely misses you.
You hit the adder but do no damage.
The adder is heavily wounded.
The adder bites you.
* * * LOW HITPOINT WARNING * * *
The hobgoblin barely misses you.
You barely miss the adder.
The adder is heavily wounded.
The adder closely misses you. The hobgoblin closely misses you.
The adder bites you but does no damage.
You miss the adder.
The adder is heavily wounded.
The adder bites you but does no damage.
You hit the adder but do no damage.
The adder is heavily wounded.
The hobgoblin misses you. The adder misses you.
You closely miss the adder.
The adder is heavily wounded.
The hobgoblin hits you but does no damage.
The adder closely misses you.
You closely miss the adder.
The adder is heavily wounded.
The adder barely misses you.
The hobgoblin hits you but does no damage.
You hit the adder.
The adder is almost dead.
The adder misses you. The hobgoblin barely misses you.
You hit the adder.
The adder is almost dead.
The adder closely misses you. The hobgoblin misses you.
You hit the adder but do no damage.
The adder is almost dead.
The adder bites you.
You die...

#...................#####
#..#................##..#
#..##..#.........#..##...
#..#......(..##.#...#....
#.............#.##..###..
#..#.#..............##...
#..#.###.#.#.....#..#....
#..#...#g#.#........###..
#..#.#.#@#.#.....#..###..
#..###.#S#)#.#...#..#.###
#......#.#.#.#...#..#..##
#..##.##.#.#.#...#..#...#
#..##.##.#.#.#...#..###..
#..##.##.#.#........##...
#..##...............#..<.
###...................#....
#.........†#.#####....##.#.


You could see an adder and a hobgoblin.

Vanquished Creatures
  A dart slug (D:2)
  4 bats (D:1)
  2 endoplasms
  5 giant cockroaches
  A hobgoblin (D:1)
  A quokka (D:1)
  2 ball pythons (D:1)
  A kobold (D:1)
  3 rats (D:1)
20 creatures vanquished.

Notes
Turn   | Place    | Note
-------+----------+-------------------------------------------
     0 | D:1      | Thatpatchoflichen the Kobold Monk began the quest for the
                  | Orb.
     0 | D:1      | Reached XP level 1. HP: 14/14 MP: 1/1
   541 | D:1      | Reached XP level 2. HP: 19/19 MP: 2/2
  1531 | D:2      | Reached XP level 3. HP: 22/24 MP: 3/3
  1645 | D:1      | HP: 1/24 [adder (2)]
  1653 | D:1      | Slain by an adder

Illustrated notes

Levels and vault maps discovered:
D:1:      dpeg_arrival_arbitrary_a, layout_basic, minivault_11
D:2:      minmay_razor_zed, layout_loops_ring, basic_altar,
          basic_ecumenical_altar, minmay_worlds_worst_comb

Skill      XL: |  1  2 |
---------------+-------+-----
Stealth        | 3 |  3.0
Fighting       | |  3.8
Short Blades   | |  4.3
Dodging        | |  3.9

Action                   || total
-------------------------++-------
Melee: Short sword       ||    71
 Stab: Sleeping          ||     8
Armor: Robe              ||     8
Dodge: Dodged            ||    78
